 Dungeon Crawl Stone Soup version 0.20-a0-217-g17e8ceb (webtiles) character file.

34 Jraekied the Chopper (level 3, -1/40 HPs)
             Began as a Demonspawn Gladiator on Nov 27, 2016.
             Succumbed to a goblin's poison
             ... on level 2 of the Dungeon.
             The game lasted 00:02:29 (1083 turns).

Jraekied the Chopper (Demonspawn Gladiator)         Turns: 1083, Time: 00:02:29

Health: -1/40      AC: 21    Str: 15    XL:     3   Next: 14%
Magic:  3/3        EV:  2    Int:  9    God:
Gold:   75         SH:  0    Dex: 14    Spells: 2/2 levels left

rFire  . . .     SeeInvis .     a - +0 war axe
rCold  . . .     Gourm    .     (armour currently unavailable)
rNeg   + + +     Faith    .     (no shield)
rPois  +         Spirit   .     (helmet currently unavailable)
rElec  .         Reflect  .     (cloak currently unavailable)
rCorr  .         Harm     .     (gloves currently unavailable)
MR     .....     NoTele   +     (boots currently unavailable)
Stlth  ++........               (no amulet)
                                (no ring)
                                (no ring)

@: lethally poisoned (-1 -> -22), tree-form
A: (slimy green scales 0), nightstalker 1
a: no special abilities


You were on level 2 of the Dungeon.
You were hungry.
You were a tree.
You visited 1 branch of the dungeon, and saw 2 of its levels.

You collected 75 gold pieces.

Inventory:

Hand Weapons
 a - a +0 war axe (weapon)
 m - a +0 hunting sling
Missiles
 d - 3 throwing nets (quivered)
Armour
 b - a +0 leather armour
 c - a +0 helmet (melded)
 e - a +0 pair of gloves (melded)
 l - a +0 ring mail (melded)
Scrolls
 g - a scroll of fog
 k - 2 scrolls of identify
 n - a scroll of teleportation {unknown}
 p - a scroll of recharging {unknown}
 q - a scroll of blinking {unknown}
Comestibles
 f - a bread ration
 i - 12 fruits
 o - a slice of pizza


   Skills:
 + Level 2.2 Fighting
 * Level 3.8 Axes
 - Level 1.7 Throwing
 - Level 2.6 Dodging


You had 2 spell levels left.
You didn't know any spells.

Dungeon Overview and Level Annotations

Branches:
Dungeon (2/15)

Altars:

Annotations:
D:2 Robin


Innate Abilities, Weirdness & Mutations

((You are partially covered in slimy green scales. (AC +2)))
You are slightly more attuned to the shadows.


Message History

You fly up into the air.
* * * LOW HITPOINT WARNING * * *
You feel sick. The goblin hits you but does no damage.
You are more poisoned.
The hobgoblin hits you but does no damage.
The goblin closely misses you.
It was a potion of lignification.
You turn into a tree.
Your +0 helmet melds into your body.
Your +0 pair of gloves melds into your body.
Your +0 ring mail melds into your body.
Your roots penetrate the ground.
* * * LOW HITPOINT WARNING * * *
You feel sick. Robin hits you but does no damage.
The goblin hits you with a dagger of venom.
* * * LOW HITPOINT WARNING * * *
The goblin hits you but does no damage.
The hobgoblin hits you but does no damage.
As you read the scroll labeled TUTZAHUEPN, it crumbles to dust.
It is a scroll of identify.
g - a scroll of fog You die...

#.....####.......#
#.....####...##....
............####.##..
............†)†.....#
........##.####.#....
...........# ..# #
.⌠.......### #.##.####
.........#######gg......
...............g♣g......
.....###.###########.#..
########.# #..# #.## #.#
#.# #.# ###


You could see Robin, a hobgoblin and 2 goblins.

Vanquished Creatures
  An adder (D:2)
  A dart slug (D:1)
  A leopard gecko (D:1)
  6 goblins (D:2)
  2 hobgoblins
  2 jackals (D:1)
  4 bats (D:1)
  A frilled lizard (D:1)
  5 rats
23 creatures vanquished.

Notes
Turn   | Place    | Note
-------+----------+-------------------------------------------
     0 | D:1      | Jraekied the Demonspawn Gladiator began the quest for the Orb.
     0 | D:1      | Reached XP level 1. HP: 16/16 MP: 1/1
    86 | D:1      | Reached skill level 3 in Axes
   549 | D:1      | Gained mutation: You are partially covered in slimy green scales. (AC +2) [demonic ancestry]
   549 | D:1      | Reached XP level 2. HP: 20/22 MP: 2/2
  1067 | D:2      | Noticed Robin
  1071 | D:2      | Gained mutation: You are slightly more attuned to the shadows. [demonic ancestry]
  1071 | D:2      | Reached XP level 3. HP: 27/27 MP: 3/3
  1082 | D:2      | HP: 2/40 [poisoned by a goblin]
  1083 | D:2      | Succumbed to a goblin's poison

Vault maps used:
D:1:      saegor_arrival_simple_d, minmay_unequal
D:2:      bh_chokoban, solitary_fountain, uniq_robin

Skill      XL: |  1 |
---------------+----+-----
Axes           | 3 |  3.8
Fighting       | |  2.2
Throwing       | |  1.7
Dodging        | |  2.6

Action                   || total
-------------------------++-------
Melee: War axe           ||    74
  Use: Potion            ||     2
       Scroll            ||     1
Armor: Ring mail         ||    48
       Leather armour    ||     9
       Skin              ||     1
Dodge: Dodged            ||    74
